 Dungeon Crawl Stone Soup version 0.30-a0-777-ga9a30cbeda (webtiles) character file.

Game seed: 15067502271326669077

93 mistaj the Shield-Bearer (level 4, -1/29 HPs)
             Began as a Gargoyle Fighter on Feb 13, 2023.
             Slain by Natasha (5 damage)
             ... on level 2 of the Dungeon.
             The game lasted 00:02:34 (1795 turns).

mistaj the Shield-Bearer (Gargoyle Fighter)         Turns: 1795, Time: 00:02:35

Health: -1/29      AC: 10    Str: 21    XL:     4   Next: 62%
Magic:  0/4        EV:  9    Int:  9    God:
Gold:   70         SH:  4    Dex:  9    Spells: 3/3 levels left

rFire   . . .      SeeInvis .    o - +4 hand axe
rCold   . . .      Faith    .    c - +0 buckler
rNeg    + . .      Spirit   +    b - +0 scale mail
rPois   ∞          Reflect  .    (no helmet)
rElec   +          Harm     .    (no cloak)
rCorr   .          Rampage  .    (no gloves)
Will    .....                    (no boots) Stlth
                                 j - amulet of guardian spirit
HPRegen 0.24/turn                (no ring)
MPRegen 0.09/turn                (no ring)

@: slowed, very slow
A: sickness immunity, AC +3, negative energy resistance 1, electricity
resistance, torment resistance 1, petrification resistance
a: no special abilities


You were on level 2 of the Dungeon.
You visited 1 branch of the dungeon, and saw 2 of its levels.

You collected 70 gold pieces.

Inventory:

Hand Weapons
 a - a +0 war axe
 o - a +4 hand axe (weapon)
Armour
 b - a +0 scale mail (worn)
 c - a +0 buckler (worn)
Jewellery
 j - an amulet of guardian spirit (around neck)
Scrolls
 e - a scroll of enchant weapon {unknown}
 h - 3 scrolls of teleportation {unknown}
 k - a scroll of poison {unknown}
 l - a scroll of brand weapon {unknown}
 m - a scroll of amnesia {unknown}
 n - a scroll of identify {unknown}
 p - a scroll of fear {unknown}
 q - a scroll of fog {unknown}
Potions
 d - a potion of might
 f - 4 potions of mutation {unknown}
 g - a potion of curing {unknown}
 i - a potion of degeneration {unknown}


   Skills:
 + Level 4.2 Fighting
 + Level 2.8 Axes
 - Level 3.2 Armour
 + Level 4.2 Shields


You had 3 spell levels left.
You didn't know any spells.
Your spell library contained the following spells:

 Spells                   Type           Power      Damage    Failure   Level
 Lesser Beckoning         Tloc           0%         N/A       91%         2
 Gell's Gravitas          Tloc           0%         N/A       99%         3
 Teleport Other           Tloc           0%         N/A       99%         3
 Malign Gateway           Summ/Tloc      0%         N/A       100%        7
 Summon Horrible Things   Summ           0%         N/A       100%        8


Dungeon Overview and Level Annotations

Branches:
Dungeon (2/15)

Altars:

Annotations:
D:2 Natasha


Innate Abilities, Weirdness & Mutations

You are immune to sickness and miasma.
Your stone body is resilient. (AC +3)
You are immune to poison.
You resist negative energy. (rN+)
You are resistant to electric shocks. (rElec)
You are resistant to unholy torment.
You are immune to petrification.


Message History

The white imp hits you but does no damage.
The crimson imp barely misses you. Natasha barely misses you.
You slash the dart slug!
You kill the dart slug!
You hit Natasha. You barely miss the crimson imp.
You completely miss the white imp.
The white imp disappears for a moment.
The white imp gestures at you. The puff of frost hits you.
Natasha claws you but does no damage.
The crimson imp grins evilly.
The crimson imp barely misses you. The white imp closely misses you.
You block the crimson imp's attack. Natasha claws you.
The crimson imp hits you. Natasha attacks as you move away! Natasha claws you.
The crimson imp attacks as you move away!
The crimson imp hits you but does no damage.
The crimson imp blinks!
You block the white imp's attack. Natasha attacks as you move away!
Natasha claws you. The white imp attacks as you move away!
The white imp hits you but does no damage.
The crimson imp hits you but does no damage.
The crimson imp shouts, "Go and return not, thou peaked two-tin-hat nobody!"
Natasha claws you.
The crimson imp blinks!
Natasha wildly gestures.
Natasha shimmers violently.
Natasha claws you but does no damage. The white imp hits you.
The white imp freezes you. The white imp attacks as you move away!
The white imp barely misses you.
The crimson imp blinks!
Natasha attacks as you move away!
Natasha claws you but does no damage. x2
The crimson imp blinks!
Natasha attacks as you move away! Natasha claws you.
* * * LOW HITPOINT WARNING * * *
The crimson imp blinks!
Natasha claws you.
* * * LOW HITPOINT WARNING * * *
Natasha attacks as you move away! Natasha barely misses you.
Natasha extends her claws.
Natasha attacks as you move away! Natasha closely misses you. x2
Natasha claws you.
You die...

#.##.##......#
#......5..# #~~≈≈~
#.##.##......#
#.......#####~≈≈~~
#.##.##......# #.##....#
#~~≈≈~# .....##......#
#.##.§..# #~≈≈~~#
#.#####......###.##.##.#
##~≈≈~## #.#
#.......##.##.##.#
#~~≈≈~# #.##
#######.##.5.....#
#~≈≈~~#
#..#######......h##.####
#~≈≈~##
##.......#.##.##@##.#
#~≈≈~#
#.#####.#.#...#.##.#
#~≈≈~##
##.##........#......#
#~≈≈~~#
......##.#.#...#.####
###~~≈≈~#
##.#####.#.#####.#
##.##~≈≈~##
##.#####)#.......#
##.#.#~≈≈~~#
.......).#.#######
#)###.~~≈≈~)
##.#.####...#
#..#...~≈≈~# ...#.#
#...# ####.#..88~≈≈~~


You could see Natasha and a white imp (summoned).

Vanquished Creatures
  3 gnolls (D:2)
  2 adders (D:2)
  A worm (D:2)
  2 dart slugs
  8 endoplasms
  A goblin (D:2)
  2 hobgoblins (D:1)
  4 jackals (D:1)
  6 kobolds
  A quokka (D:1)
  A ball python (D:1)
  3 bats
  A frilled lizard (D:2)
  6 rats
41 creatures vanquished.

Notes
Turn   | Place    | Note
-------+----------+-------------------------------------------
     0 | D:1      | mistaj the Gargoyle Fighter began the quest for the Orb.
     0 | D:1      | Reached XP level 1. HP: 14/14 MP: 1/1
   104 | D:1      | Reached XP level 2. HP: 16/19 MP: 2/2
   681 | D:1      | Reached XP level 3. HP: 24/24 MP: 3/3
  1608 | D:2      | Reached XP level 4. HP: 28/29 MP: 4/4
  1781 | D:2      | Noticed Natasha
  1795 | D:2      | Slain by Natasha

Illustrated notes

Levels and vault maps discovered:
D:1:      denvon_arrival_planthouse, layout_basic, corner_web_ring
D:2:      wander_river, layout_loops_cross, uniq_natasha

Skill      XL: |  1  2  3 |
---------------+----------+-----
Axes           | 2 |  2.8
Shields        | 4 |  4.2
Fighting       | 4 |  4.2
Armour         | |  3.2

Action                     |  1- 3 |  4- 6 || total
---------------------------+-------+-------++-------
  Melee: War axe           |    83 |       ||    83
         Hand axe          |    30 |    24 ||    54
 Armour: Scale mail        |    60 |    18 ||    78
  Dodge: Dodged            |    51 |    22 ||    73
  Block: Buckler           |    29 |    12 ||    41

Table legend: (Time is in decaauts)
 A = Elapsed time spent in this place.
 B = Non-inter-level travel time spent in this place.
 C = Inter-level travel time spent in this place.
 D = Time resting spent in this place.
 E = Time spent auto-exploring this place.
 F = Levels seen in this place.
 G = Mean time per level.
                   A        B        C        D        E       F      G
               +--------+--------+--------+--------+--------+-----+--------+
         Total |   1888 |   1878 |     10 |    201 |   1274 |   2 |  944.0 |
       Dungeon |   1888 |   1878 |     10 |    201 |   1274 |   2 |  944.0 |
               +--------+--------+--------+--------+--------+-----+--------+

Top non-repeatable levels by time:
     D:1: 1129 daAuts
     D:2: 758 daAuts
